Map: Blackpink LE

Players

AlexUA

  • Race: Terran Terran
  • League: Master
  • Spawn Location: 7:00

kabyraGe - Winner!

  • Race: Terran Terran
  • League: Diamond
  • Spawn Location: 1:00

VOD

Have the link to the VOD?

Description

Time

  • Played on: April 20, 2018, 3:15 p.m.
  • Length: 13:00
Show
View Real Time Build Order
Export as new Build Order

AlexUA Terran 

Build Orders: Mech 

Get SALT Encoding   

  12  0:05  SCV  
  13  0:17  SCV  
  13  0:20  Supply Depot  
  14  0:29  SCV  
  15  0:42  Barracks  
  15  0:44  SCV  
  16  0:57  SCV  
  17  0:58  Refinery  
  17  1:09  SCV  
  18  1:21  SCV  
  19  1:30  Marine  
  20  1:33  Command Center  
  20  1:39  Orbital Command  
  20  1:48  Marine  
  20  1:50  Supply Depot  
  21  2:06  SCV  
  22  2:10  Marine  
  22  2:14  Bunker  
  23  2:18  SCV  
  24  2:27  Factory  
  24  2:28  Marine  
  25  2:30  SCV  
  25  2:34  Refinery  
  26  2:43  SCV  
  27  2:45  Marine  
  27  2:46  Orbital Command  
  28  2:55  SCV  
  29  3:03  Marine  
  30  3:07  SCV  
  30  3:10  Starport  
  30  3:11  Factory Tech Lab  
  30  3:12  SCV  
  32  3:19  SCV  
  33  3:23  Marine  
  33  3:24  SCV  
  35  3:31  Supply Depot, Siege Tank, SCV  
  39  3:38  Bunker  
  39  3:39  SCV  
  40  3:41  Marine  
  40  3:43  SCV  
  40  3:46  Starport Reactor  
  42  3:51  SCV  
  42  3:53  Refinery  
  42  3:55  SCV  
  44  4:03  Siege Tank, SCV  
  44  4:07  SCV  
  49  4:11  Supply Depot  
  49  4:15  SCV  
  50  4:18  Refinery  
  50  4:19  SCV  
  51  4:26  Viking  
  51  4:28  SCV  
  54  4:32  SCV  
  54  4:35  Supply Depot, Siege Tank  
  58  4:40  Supply Depot, SCV  
  58  4:41  Viking  
  58  4:44  SCV  
  62  4:47  Armory  
  62  4:56  SCV  
  63  5:01  SCV  
  64  5:13  SCV  
  64  5:14  Viking x2, Siege Tank  
  68  5:17  Supply Depot  
  72  5:26  Factory  
  72  5:27  SCV  
  73  5:30  SCV  
  74  5:38  Terran Vehicle Weapons Level 1  
  74  5:41  Supply Depot  
  74  5:45  Viking, Engineering Bay  
  74  5:46  Viking  
  78  5:55  Factory  
  78  6:02  SCV x2  
  80  6:05  Liberator, Supply Depot  
  80  6:16  Missile Turret  
  80  6:17  Siege Tank  
  83  6:20  Missile Turret  
  86  6:26  Viking  
  86  6:28  Factory Tech Lab  
  88  6:37  Supply Depot, Missile Turret  
  88  6:43  Factory Reactor  
  88  6:47  Missile Turret  
  88  6:48  Missile Turret  
  88  6:51  Thor  
  94  7:02  Supply Depot  
  94  7:07  Missile Turret  
  94  7:09  Missile Turret  
  94  7:11  Thor  
  100  7:15  Missile Turret  
  100  7:20  Hellbat x2  
  100  7:21  Medivac  
  106  7:28  Supply Depot  
  106  7:36  Thor  
  112  7:38  SCV x2  
  114  7:50  SCV x2  
  120  7:51  Hellbat x2  
  120  7:54  Siege Tank  
  120  7:55  Command Center  
  123  8:01  Supply Depot  
  123  8:03  Supply Depot  
  123  8:08  Missile Turret  
  123  8:12  Viking  
  125  8:22  Viking  
  125  8:23  Siege Tank  
  125  8:26  Supply Depot  
  125  8:27  Supply Depot  
  130  8:31  Terran Vehicle Weapons Level 2  
  130  8:39  Hellbat x2  
  130  8:41  Refinery, SCV x2  
  136  8:44  Refinery, Missile Turret  
  136  8:46  Siege Tank  
  139  8:59  Siege Tank  
  139  9:00  Hellbat x2  
  146  9:15  Orbital Command  
  146  9:23  Siege Tank  
  149  9:25  Hellbat  
  149  9:27  Command Center  
  151  9:32  Siege Tank  
  154  9:47  Hellbat x2  
  154  9:52  Starport Tech Lab, Command Center  
  157  9:55  Siege Tank  
  157  9:56  Factory  
  159  10:04  Siege Tank  
  162  10:18  Raven, Hellbat x2  
  168  10:27  Refinery  
  168  10:30  Refinery  
  168  10:45  Siege Tank  
  168  10:46  Hellbat  
  173  10:51  Siege Tank, Hellbat  
  178  11:05  Factory  
  178  11:07  Hellbat  
  178  11:11  Hellbat, Starport Reactor  
  182  11:14  Planetary Fortress  
  182  11:17  Missile Turret, Thor  
  186  11:44  Siege Tank  
  183  11:56  Siege Tank, Hellbat  
  183  12:00  Siege Tank  
  149  12:15  Thor  
  149  12:17  Hellbat x2  
Show
View Real Time Build Order
Export as new Build Order

kabyraGe Terran - Winner!

Build Orders: Bio Tank 

Get SALT Encoding   

  12  0:01  SCV  
  13  0:13  SCV  
  14  0:19  Supply Depot  
  14  0:25  SCV  
  15  0:32  Refinery  
  15  0:43  Barracks  
  15  0:48  SCV  
  16  1:00  SCV  
  17  1:12  SCV  
  18  1:32  Orbital Command  
  18  1:38  Command Center  
  18  1:45  Barracks Reactor  
  18  1:55  Factory  
  18  1:57  SCV  
  19  2:11  SCV  
  20  2:15  Supply Depot  
  19  2:23  SCV, Marine x2  
  22  2:35  SCV  
  23  2:41  Marine  
  23  2:42  Marine  
  25  2:45  Hellion  
  25  2:46  Starport  
  25  2:48  SCV  
  28  2:56  Engineering Bay  
  28  3:00  Refinery, SCV  
  28  3:02  Marine  
  28  3:05  Marine  
  31  3:12  Orbital Command  
  31  3:17  Hellion  
  33  3:24  Marine x2  
  33  3:26  SCV, Starport Reactor  
  36  3:29  Medivac  
  38  3:38  SCV  
  38  3:39  SCV  
  40  3:44  Marine  
  40  3:45  Widow Mine, Marine  
  44  3:51  SCV  
  45  3:59  Engineering Bay  
  45  4:00  Supply Depot  
  45  4:18  SCV  
  45  4:19  Factory Tech Lab  
  45  4:21  Viking, SCV  
  49  4:29  Barracks  
  49  4:31  Factory Tech Lab  
  49  4:36  SCV  
  49  4:37  SCV  
  51  4:40  Barracks Tech Lab  
  51  4:42  Supply Depot  
  51  4:48  SCV  
  52  4:53  SCV  
  52  5:00  SCV  
  52  5:05  SCV  
  45  5:09  Siege Tank  
  45  5:11  Medivac x2  
  45  5:12  Stimpack, SCV  
  51  5:17  SCV  
  51  5:18  Supply Depot  
  51  5:20  Command Center  
  52  5:24  SCV  
  53  5:29  SCV  
  53  5:30  Refinery  
  53  5:31  Refinery  
  53  5:32  Barracks Reactor  
  54  5:37  SCV  
  54  5:41  SCV  
  56  5:45  Supply Depot, Terran Infantry Weapons Level 1  
  56  5:47  Missile Turret  
  56  5:49  SCV  
  57  5:53  SCV, Marine  
  59  5:57  Siege Tank  
  59  6:01  SCV  
  63  6:05  SCV  
  63  6:11  Marine x3  
  66  6:13  SCV  
  66  6:18  SCV  
  69  6:19  Supply Depot  
  69  6:25  SCV  
  70  6:28  Marine x2  
  70  6:29  Siege Tank, Marine  
  70  6:30  SCV  
  77  6:34  Barracks  
  77  6:37  SCV  
  78  6:42  Armory, SCV  
  78  6:43  Engineering Bay  
  78  6:44  Supply Depot  
  79  6:47  Medivac x2  
  79  6:49  SCV  
  79  6:53  Missile Turret  
  84  6:54  SCV  
  84  6:57  Orbital Command  
  85  7:01  SCV  
  85  7:02  Supply Depot  
  85  7:06  SCV  
  87  7:13  SCV  
  88  7:17  Medivac x2  
  88  7:18  SCV  
  93  7:25  SCV  
  94  7:32  Barracks Reactor  
  94  7:34  Barracks  
  94  7:35  Supply Depot  
  94  7:36  Supply Depot  
  94  7:37  Terran Vehicle Weapons Level 1  
  94  7:38  Terran Infantry Armor Level 1  
  94  7:40  Terran Infantry Weapons Level 2  
  94  7:42  SCV x2  
  96  7:45  Orbital Command  
  96  7:54  SCV x2  
  96  7:56  Siege Tank  
  96  7:57  Marine x3  
  104  7:58  Combat Shields  
  104  8:06  Barracks, SCV x2  
  104  8:10  Marine  
  104  8:11  Marine  
  108  8:15  Marine x3  
  111  8:26  Barracks Reactor  
  111  8:28  Siege Tank, Marine x2  
  111  8:33  Marine x3  
  119  8:46  SCV x2, Marine x2  
  123  8:50  Marine  
  123  8:51  Marine x2  
  126  8:58  SCV x2  
  126  9:00  Siege Tank  
  131  9:10  SCV x2  
  133  9:18  Factory  
  133  9:21  Refinery  
  133  9:22  Refinery  
  133  9:26  Command Center  
  133  9:27  Barracks Reactor, Command Center  
  133  10:07  Marine  
  133  10:13  Factory Tech Lab  
  133  10:18  Supply Depot  
  133  10:19  Supply Depot, SCV x2, Marine x8, Siege Tank  
  146  10:23  Supply Depot  
  146  10:24  Concussive Shells  
  146  10:25  Marine  
  146  10:37  Marine x8  
  154  10:43  Marine  
  154  10:49  Supply Depot  
  155  10:50  Supply Depot  
  155  10:54  Siege Tank x2, Marine x2  
  155  10:55  Viking  
  155  10:56  Viking  
  167  10:57  Marine x4  
  167  10:58  Marine x2  
  167  11:01  Marine  
  174  11:12  Marine x2, Starport  
  174  11:13  Supply Depot  
  174  11:14  Supply Depot, Marine  
  174  11:15  Marine x5  
  182  11:19  Marine  
  183  11:25  Viking  
  183  11:26  Viking  
  183  11:28  Siege Tank x2  
  183  11:30  Marine x2, Command Center  
  183  11:32  Marine x2, Command Center  
  195  11:33  Planetary Fortress, Marine x3  
  169  11:48  Marine x2  
  169  11:49  Marine  
  169  11:50  Marine x4  
  169  11:51  Marine x2  
  149  12:08  Marine x4  
  130  12:09  Marine x5  
  102  12:19  Siege Tank x2  
  105  12:26  Marine  
  100  12:34  Starport Reactor  
Tags
 
Composition
Bio TankMech
Matchup
TvT
Race
Terran
Spawn Locations
Cross Positions
Add a new tag
Caveats
  • Supply blocks, unpowered buildings, or Contaminate may cause inaccurate times.
  • Supply counts are checked every 10 seconds.